 Dungeon Crawl Stone Soup version 0.28.0 (webtiles) character file.

Game seed: 4010200644150606019

6678 UrGrur the Brawler (level 10, -8/136 HPs)
             Began as a Troll Berserker on Aug 13, 2022.
             Was a Priest of Trog.
             Mangled by a cane toad (17 damage)
             ... on level 8 of the Dungeon on Aug 14, 2022.
             The game lasted 00:26:05 (6075 turns).

UrGrur the Brawler (Troll Berserker)                Turns: 6075, Time: 00:26:06

Health: -8/136     AC: 11    Str: 31    XL:     10   Next: 73%
Magic:  9/9        EV:  9    Int:  9    God:    Trog [***...]
Gold:   348        SH:  0    Dex:  9    Spells: 9/9 levels left

rFire   . . .      SeeInvis .     - Unarmed
rCold   . . .      Faith    .   (no shield)
rNeg    . . .      Spirit   .   A - +1 swamp dragon scales
rPois   +          Reflect  .   (helmet restricted)
rElec   .          Harm     .   x - +0 cloak
rCorr   .          Rampage  .   (gloves unavailable)
Will    .....                   (boots unavailable)
Stlth   ..........              (no amulet)
HPRegen 1.12/turn               e - ring of poison resistance
MPRegen 0.11/turn               g - +6 ring of intelligence

@: berserking, lethally poisoned (-8 -> -25), very quick
A: large, unfitting armour, claws 3, regeneration 1, shaggy fur 1, tough skin 1
a: Renounce Religion, Berserk, Trog's Hand


You were on level 8 of the Dungeon.
You worshipped Trog.
Trog was most pleased with you.
You visited 3 branches of the dungeon, and saw 11 of its levels.

You collected 348 gold pieces.

Inventory:

Hand Weapons
 H - a +2 hand axe of flaming
Missiles
 i - 4 boomerangs of dispersal (quivered)
Armour
 a - a +0 animal skin
 x - a +0 cloak (worn)
 A - +1 swamp dragon scales (worn)
Jewellery
 e - a ring of poison resistance (left claw)
 g - a +6 ring of intelligence (right claw)
 j - a ring of magical power
 q - a ring of fire
 B - a ring of ice
Wands
 s - a wand of flame (4)
 v - a wand of iceblast (20)
 G - a wand of charming (1)
Scrolls
 d - a scroll of magic mapping {unknown}
 f - 3 scrolls of enchant armour {unknown}
 h - 6 scrolls of identify {unknown}
 k - 2 scrolls of blinking {unknown}
 m - 2 scrolls of teleportation {unknown}
 n - a scroll of summoning {unknown}
 p - a scroll of enchant weapon {unknown}
 u - a scroll of noise {unknown}
 y - a scroll of vulnerability {unknown}
 C - a scroll of immolation {unknown}
 E - a scroll of fog {unknown}
 F - a scroll of fear {unknown}
Potions
 b - 3 potions of curing {unknown}
 c - 2 potions of flight {unknown}
 l - 3 potions of heal wounds {unknown}
 r - a potion of mutation {unknown}
 t - a potion of brilliance {unknown}
 w - a potion of haste {unknown}
 z - a potion of degeneration {unknown}
 D - 3 potions of lignification {unknown}
Miscellaneous
 o - a piece from Xom's chessboard (15/15)


   Skills:
 + Level 3.4 Fighting
 + Level 2.7 Dodging
 - Level 16.0 Unarmed Combat


You had 9 spell levels left.
You didn't know any spells.
Your spell library contained the following spells:

 Spells                   Type           Power      Damage    Failure   Level
 Animate Skeleton         Necr           0%         N/A       50%         1
 Apportation              Tloc           0%         N/A       50%         1
 Summon Small Mammal      Summ           0%         N/A       50%         1
 Leda's Liquefaction      Hex/Erth       0%         N/A       99%         4
 Alistair's Intoxication  Tmut/Pois      0%         N/A       100%        5
 Lee's Rapid Deconstruct  Erth           0%         3d5*      100%        5
 Statue Form              Tmut/Erth      0%         N/A       100%        6


Dungeon Overview and Level Annotations

Branches:
Dungeon (9/15)             Temple (1/1) D:4            Lair (1/6) D:8
    Orc: D:9-12

Altars:
Ashenzari
Cheibriados
Dithmenos
Fedhas
Gozag
Hepliaklqana
Kikubaaqudgha
Makhleb
Okawaru
Qazlal
Ru
Trog
Uskayaw
Wu Jian
Xom
Yredelemnul
Zin

Shops:
D:1 [   D:5 [   D:8 [

Annotations:
D:9 2 runed translucent doors


Innate Abilities, Weirdness & Mutations

You are too large for most types of armour.
You have claws for hands.
Your natural rate of healing is unusually fast.
You are covered in fur. (AC +1)
You have tough skin. (AC +1)


Message History

You climb upwards.
Welcome back to the Dungeon!
There is a staircase to the Lair here.
Done exploring.
You start waiting.
Done waiting.
You climb downwards.
Welcome back to the Lair of Beasts!
The cane toad stings you!
You are poisoned.
The cane toad poisons you! The cane toad stings you!!
There is a staircase back to the Dungeon, spattered with blood here.
You closely miss the cane toad.
You feel very sick.
You closely miss the cane toad.
You feel very sick. The cane toad stings you!
You scratch the cane toad.
The cane toad is lightly wounded.
You feel sick. The cane toad stings you!
* * * LOW HITPOINT WARNING * * *
You scratch the cane toad.
The cane toad is lightly wounded.
You feel very sick. The cane toad closely misses you.
You feel sick. The cane toad stings you.
* * * LOW HITPOINT WARNING * * *
You climb upwards.
Welcome back to the Dungeon!
You feel very sick.
There is a staircase to the Lair here.
A red film seems to cover your vision as you go berserk!
You feel yourself moving faster!
You feel mighty!
You feel sick. The cane toad stings you.
* * * LOW HITPOINT WARNING * * *
You are lethally poisoned!
The cane toad poisons you!
You mangle the cane toad!!
The cane toad is heavily wounded.
* * * LOW HITPOINT WARNING * * *
You feel very sick. The cane toad stings you!
You die...

#.........#.........##
#.###..##............#
#.###...###..##'###..##
#.##.....##..##.####..#
#.#..P....#..##....#..#
#.#.P.....#[.##....#..#
#...........###....##.#
#...........# #.....#.#
#.....@.....# ##....#..
##...F.....## #.......
#.........# #######.
##.P.....## ##
#.......# #######
##.....## #......
##...## #.##### ##.##
#.#.#.. #.# #.#...#


You could see a cane toad.

Vanquished Creatures
  A two-headed ogre (D:9)
  Maggie (D:6)
  A komodo dragon (Lair:1)
  A hornet (D:7)
  Prince Ribbit (D:6)
  2 wyverns
  6 yaks
  Eustachio (D:6)
  2 basilisks
  A steam dragon (D:6)
  Menkaure (D:6)
  4 vampire mosquitoes (D:8)
  3 water moccasins
  A hornet zombie (D:5)
  A black bear (D:8)
  A sky beast (D:7)
  3 ice beasts
  2 necrophages (D:5)
  An ogre (D:5)
  2 centaurs
  2 kobold brigands
  2 bullfrogs
  2 gnoll sergeants
  A scorpion (D:5)
  6 killer bees
  2 howler monkeys
  2 centaur zombies
  A hound (D:6)
  A jelly (D:7)
  3 orc priests
  A bullfrog skeleton (D:6)
  3 orc wizards
  Ijyb (D:4)
  A killer bee zombie (D:6)
  A howler monkey zombie (D:5)
  16 gnolls
  6 adders
  3 white imps
  3 ufetubi
  2 worms (D:3)
  4 dart slugs
  14 orcs
  6 endoplasms
  A giant cockroach (D:1)
  8 goblins
  7 hobgoblins
  6 quokkas
  7 ball pythons
  4 bats
  4 frilled lizards
  15 kobolds
  5 rats
176 creatures vanquished.

Vanquished Creatures (collateral kills)
  2 killer bees (D:9)
2 creatures vanquished.

Vanquished Creatures (others)
  3 plants (D:1)
3 creatures vanquished.

Grand Total: 181 creatures vanquished

Notes
Turn   | Place    | Note
-------+----------+-------------------------------------------
     0 | D:1      | UrGrur the Troll Berserker began the quest for the Orb.
     0 | D:1      | Reached XP level 1. HP: 22/22 MP: 0/0
   295 | D:1      | Reached XP level 2. HP: 29/29 MP: 1/1
   467 | D:1      | Found Nuedieh's Antique Armour Boutique.
   484 | D:1      | Reached skill level 4 in Unarmed Combat
   726 | D:1      | Reached ** piety under Trog
   856 | D:2      | Reached XP level 3. HP: 36/36 MP: 2/2
  1219 | D:2      | Found a sacrificial altar of Ru.
  1692 | D:2      | Reached skill level 5 in Unarmed Combat
  1692 | D:2      | Reached XP level 4. HP: 44/44 MP: 3/3
  1833 | D:3      | Found a faded altar of an unknown god.
  2545 | D:4      | Reached skill level 6 in Unarmed Combat
  2545 | D:4      | Reached XP level 5. HP: 50/50 MP: 4/4
  2560 | D:5      | Entered Level 5 of the Dungeon
  2591 | D:4      | Found a shimmering altar of Xom.
  2595 | D:4      | Reached *** piety under Trog
  2719 | D:4      | Found a staircase to the Ecumenical Temple.
  2731 | Temple   | Entered the Ecumenical Temple
  2822 | D:5      | Noticed Ijyb
  2822 | D:5      | Found Futomokh's Armour Shop.
  2831 | D:4      | Killed Ijyb
  2832 | D:4      | Reached XP level 6. HP: 33/59 MP: 5/5
  3200 | D:5      | Reached skill level 7 in Unarmed Combat
  3364 | D:5      | Reached skill level 8 in Unarmed Combat
  3364 | D:5      | Reached XP level 7. HP: 23/66 MP: 6/6
  3647 | D:5      | Reached skill level 9 in Unarmed Combat
  4121 | D:6      | Noticed Maggie
  4128 | D:6      | Reached skill level 10 in Unarmed Combat
  4128 | D:6      | Reached XP level 8. HP: 71/74 MP: 7/7
  4135 | D:6      | Killed Maggie
  4187 | D:6      | Reached skill level 11 in Unarmed Combat
  4256 | D:6      | Noticed Eustachio
  4267 | D:6      | Killed Eustachio
  4315 | D:6      | Found a glowing silver altar of Zin.
  4320 | D:6      | Noticed Prince Ribbit
  4329 | D:6      | Killed Prince Ribbit
  4330 | D:6      | Reached skill level 12 in Unarmed Combat
  4342 | D:6      | Reached XP level 9. HP: 74/80 MP: 8/8
  4519 | D:6      | Noticed Menkaure
  4529 | D:6      | Killed Menkaure
  4664 | D:7      | Found a stormy altar of Qazlal.
  4752 | D:7      | Reached skill level 13 in Unarmed Combat
  4898 | D:7      | Reached **** piety under Trog
  5100 | D:8      | Found Lept's Antique Armour Shoppe.
  5111 | D:8      | Found a staircase to the Lair.
  5115 | D:8      | Reached skill level 14 in Unarmed Combat
  5196 | D:9      | Found a large runed translucent door.
  5196 | D:9      | Found a large runed translucent door.
  5216 | D:9      | Reached XP level 10. HP: 81/88 MP: 9/9
  5243 | D:9      | Reached skill level 15 in Unarmed Combat
  5248 | D:9      | Noticed a two-headed ogre
  5256 | D:9      | Killed a two-headed ogre
  5730 | D:8      | Reached skill level 16 in Unarmed Combat
  5849 | Lair:1   | Entered Level 1 of the Lair of Beasts
  5956 | Lair:1   | Noticed a cane toad
  6075 | D:8      | Mangled by a cane toad

Illustrated notes

Levels and vault maps discovered:
D:1:      psy_arrival_fountain, layout_loops_corners, serial_shops, shop,
          grunt_decor_cap
D:2:      minmay_spotlight, layout_basic, basic_altar,
          minmay_misc_feat_diagonals, nrook_uturn
D:3:      layout_loops_ring, ebering_ecumenical_altar_ruins
D:4:      layout_basic, xom_butterflies, minmay_temple_entry_fiery,
          hangedman_decor_slide_cut
D:5:      layout_loops_ring, nicolae_stop_n_shop_1, nrook_campfire,
          grunt_ministairs_12, uniq_ijyb
D:6:      layout_basic, mainiacjoe_overflow_six_doors_small, uniq_eustachio,
          uniq_prince_ribbit1, uniq_menkaure, uniq_maggie
D:7:      layout_rooms, nicolae_qazlal_general_emergency, minivault_26
D:8:      layout_basic, david_lair_generic, serial_shops, shop
D:9:      layout_loops_ring, lemuel_tele_altar, jmf_multi_god_temple2
Temple:   eino_temple_lava
Lair:1:   layout_gridlike

Skill      XL: |  1  2  3  4  5  6  7  8  9 10 |
---------------+-------------------------------+-----
Unarmed Combat | 4 5 6 8 10 12 14 16 | 16.0
Fighting       | 3 |  3.4
Dodging        | |  2.7

Action                   |  1- 3 |  4- 6 |  7- 9 | 10-12 || total
-------------------------+-------+-------+-------+-------++-------
Melee: Unarmed           |    96 |   154 |   199 |    90 ||   539
       Punch             |     5 |     5 |     8 |     6 ||    24
Invok: Berserk           |     1 |     3 |     2 |     4 ||    10
       Trog's Hand       |       |     4 |     3 |     3 ||    10
       Brothers in Arms  |       |       |       |     1 ||     1
 Stab: Sleeping          |     3 |     1 |       |       ||     4
Armor: Animal skin       |    10 |    38 |     7 |       ||    55
       Swamp dragon scal |       |       |    57 |    29 ||    86
Dodge: Dodged            |    37 |    71 |    72 |    30 ||   210
